 Dungeon Crawl Stone Soup version 0.21.1-1-g345015f (webtiles) character file.

11626 xccam the Unseen (level 11, 0/53 HPs)
             Began as a Felid Monk on Mar 16, 2018.
             Was a High Priest of Ru.
             Slain by a six-headed hydra (5 damage)
             ... on level 3 of the Lair of Beasts.
             The game lasted 00:37:55 (16193 turns).

xccam the Unseen (Felid Monk)                      Turns: 16193, Time: 00:37:56

Health: 0/53       AC:  9    Str:  6    XL:     11   Next: 51%
Magic:  12/12      EV:  4    Int: 13    God:    Ru [*****.]
Gold:   1011       SH:  0    Dex: 21    Spells: 10/10 levels left
                                        Lives:  0   Deaths: 3

rFire    . . .     SeeInvis +     - Unarmed
rCold    + . .     Gourm    .   (shield unavailable)
rNeg     + + +     Faith    .   (armour unavailable)
rPois    ∞         Spirit   .   (helmet unavailable)
rElec    .         Reflect  .   (cloak unavailable)
rCorr    .         Harm     .   (gloves unavailable)
MR       .....                  (boots unavailable)
Stlth    +++++++...             E - amulet of magic regeneration
HPRegen  0.17/turn              r - +6 ring of slaying
MPRegen  0.38/turn              t - +6 ring of protection

@: petrified, quick
A: very small, no armour, no weapons or thrown items, stealth, claws 1, fangs 3,
see invisible, blink, carnivore, speed 1, mutation resistance 1, shaggy fur 3,
slow metabolism 1, weak 1, inability to use devices, no earth magic, no
summoning magic, no transmutations magic, magic vulnerability 1, sharp paws
a: Blink, Draw Out Power, Power Leap, Apocalypse, Renounce Religion


You were on level 3 of the Lair of Beasts.
You worshipped Ru.
Ru was extremely pleased with you.
You were very full.

You visited 3 branches of the dungeon, and saw 17 of its levels.
You also visited: Labyrinth.

You collected 1011 gold pieces.

Inventory:

Jewellery
 c - the ring of Moral Flaws {rElec MP+9}
   (You took it off a minotaur in a labyrinth)

   [ring of magical power]

   It insulates you from electricity.
   It affects your magic capacity (+9).
 n - an uncursed ring of protection from fire
 r - a +6 ring of slaying (left paw)
 t - a +6 ring of protection (right paw)
 y - an uncursed ring of fire
 E - an amulet of magic regeneration (around neck)
 G - an uncursed amulet of guardian spirit
 I - a +3 ring of dexterity
Scrolls
 b - 4 scrolls of teleportation
 e - 5 scrolls of amnesia
 f - 3 scrolls of remove curse
 g - 2 scrolls of fear
 h - 2 scrolls of noise
 i - 3 scrolls of magic mapping
 s - a scroll of fog
 u - a scroll of immolation
 x - 3 scrolls of holy word
 F - a scroll of identify
Potions
 d - 2 potions of brilliance
 j - 3 potions of heal wounds
 k - 4 potions of degeneration
 p - 4 potions of flight
 w - 3 potions of curing
 A - a potion of resistance
 B - 2 potions of mutation
 D - a potion of cancellation
Books
 l - a book of Maledictions

   Spells                             Type                      Level
   a - Corona                         Hexes                        1
   b - Ensorcelled Hibernation        Hexes/Ice                    2
   c - Confuse                        Hexes                        3
   d - Tukima's Dance                 Hexes                        3
   e - Dazzling Spray                 Conjuration/Hexes            3
 z - a book of Misfortune

   Spells                             Type                      Level
   a - Confusing Touch                Hexes                        1
   b - Confuse                        Hexes                        3
   c - Gell's Gravitas                Translocation                3
   d - Petrify                        Transmutation/Earth          4
   e - Metabolic Englaciation         Hexes/Ice                    5
   f - Yara's Violent Unravelling     Hexes/Transmutation          5
 C - a book of Air

   Spells                             Type                      Level
   a - Shock                          Conjuration/Air              1
   b - Swiftness                      Charms/Air                   2
   c - Static Discharge               Conjuration/Air              3
   d - Airstrike                      Air                          4
   e - Lightning Bolt                 Conjuration/Air              5
 J - a book of Annihilations

   Spells                             Type                      Level
   a - Poison Arrow                   Conjuration/Poison           6
   b - Chain Lightning                Conjuration/Air              8
   c - Lehudib's Crystal Spear        Conjuration/Earth            8
   d - Glaciate                       Conjuration/Ice              9
   e - Fire Storm                     Conjuration/Fire             9
 M - a book of Misfortune

   Spells                             Type                      Level
   a - Confusing Touch                Hexes                        1
   b - Confuse                        Hexes                        3
   c - Gell's Gravitas                Translocation                3
   d - Petrify                        Transmutation/Earth          4
   e - Metabolic Englaciation         Hexes/Ice                    5
   f - Yara's Violent Unravelling     Hexes/Transmutation          5
Comestibles
 a - 34 rations


   Skills:
 * Level 9.6 Fighting
 - Level 12.8 Dodging
 + Level 16.4 Stealth
 - Level 11.6 Unarmed Combat


You had 10 spell levels left.
You didn't know any spells.

Dungeon Overview and Level Annotations

Branches:
Dungeon (13/15)            Temple (1/1) D:6            Lair (3/6) D:8
    Orc (0/2) D:11
  Swamp: Lair:2-4    Shoals: Lair:2-4     Snake: Lair:2-4    Spider: Lair:2-4
 Vaults: D:13-14

Altars:
Ashenzari
Cheibriados
Dithmenos
Elyvilon
Fedhas
Gozag
Hepliaklqana
Kikubaaqudgha
Makhleb
Nemelex Xobeh
Okawaru
Qazlal
Ru
Sif Muna
Trog
Uskayaw
Vehumet
Wu Jian
Xom
Yredelemnul
Zin
The Shining One

Shops:
D:9 (   D:10 %


Innate Abilities, Weirdness & Mutations

You cannot wear armour.
You are incapable of wielding weapons or throwing items.
Your paws allow you to move quietly. (Stealth)
You have sharp claws.
You have razor-sharp teeth.
You have supernaturally acute eyesight. (SInv)
You are carnivorous and can eat meat at any time.
You cover ground quickly.
Your thick and shaggy fur keeps you warm. (AC +3, rC+)
You have a slow metabolism.
You are weak. (Str -2)
You cannot study or use magical devices.
You cannot study or cast Earth magic.
You cannot study or cast Summoning magic.
You cannot study or cast Transmutations magic.
You are slightly vulnerable to magic. (MR-)
Your sharp claws are effective at attacking unaware monsters.
You can translocate small distances at will.
You are somewhat resistant to further mutation.


Message History

You focus your will and blind the six-headed hydra in retribution!
The six-headed hydra bites you. The six-headed hydra bites you!
The six-headed hydra bites you. x2; The six-headed hydra bites you!
The six-headed hydra bites you.
The six-headed hydra bites you but does no damage.
The six-headed hydra bites you!
* * * LOW HITPOINT WARNING * * *
The six-headed hydra bites you but does no damage.
The six-headed hydra barely misses you.
The six-headed hydra completely misses you.
The six-headed hydra is no longer blind.
The basilisk bites you!
* * * LOW HITPOINT WARNING * * *
The six-headed hydra bites you.
* * * LOW HITPOINT WARNING * * *
The six-headed hydra bites you!
* * * LOW HITPOINT WARNING * * *
The six-headed hydra bites you but does no damage. x2
The six-headed hydra bites you!
You die...

#..P#......................
.........................>.
............ ...... .......
............ #..P# .......
.....P...P# ####..##.......
#####.....###.##.#[........
#.#..#....##............#.#
†....(...###.....D#.....#
...#.P....#.....@l......#
...##....##......###....#
...+.<...###......# ....#
..###P...# ####...# ....#
..###P...# ###..P# ....#
.###.....####.PP..#P.....
..............P.P.......
###..##P....##.P..######
##.############.#


You could see a six-headed hydra and a basilisk.

Vanquished Creatures
  A minotaur (Lab)
  Erolcha (D:12)
  A hydra (Lair:2)
  A skeletal warrior (D:12)
  3 ugly things
  2 black mambas
  Psyche (D:10)
  3 spiny frogs
  2 trolls
  5 blink frogs (Lair:1)
  3 hippogriffs
  A spriggan (D:9)
  2 wyverns
  Sigmund (D:3)
  A basilisk (Lair:2)
  A wraith (D:11)
  25 yaks
  A steam dragon (D:10)
  3 hungry ghosts
  The ghost of inc the Chiller, an amateur OpIE (D:4)
  4 water moccasins
  11 orc warriors
  4 porcupines
  4 sky beasts
  4 ice beasts
  5 black bears
  A phantom (D:4)
  6 ogres
  5 wolves (Lair:2)
  A centaur (D:9)
  8 crocodiles
  A big kobold (D:7)
  Blork the orc (D:6)
  14 bullfrogs
  A gnoll sergeant (D:5)
  A wyvern skeleton (D:6)
  2 scorpions
  13 wights
  3 killer bees (D:11)
  3 electric eels (D:9)
  3 crimson imps
  2 quasits
  3 jellies
  14 orc priests
  Crazy Yiuf (D:4)
  2 centaur zombies
  4 hounds
  5 bullfrog skeletons
  9 orc wizards
  An iron imp (D:8)
  Jessica (D:2)
  2 centaur skeletons
  An iguana (D:11)
  Ijyb (D:4)
  5 worker ants
  A worker ant zombie (D:6)
  11 gnolls
  9 adders
  2 howler monkey skeletons
  A shadow imp (D:12)
  An ooze (D:7)
  2 adder skeletons
  An adder zombie (D:6)
  2 worms
  A dart slug (D:1)
  6 leopard geckos
  57 orcs
  A ball python (D:2)
  3 giant cockroaches
  12 goblins
  5 hobgoblins
  15 jackals
  4 quokkas
  3 bats
  7 frilled lizards
  A jackal skeleton (D:8)
  20 kobolds
  A quokka zombie (D:5)
  7 rats
378 creatures vanquished.

Vanquished Creatures (others)
  A spiny frog (Lair:1)
  A komodo dragon (Lair:1)
  A fungus (D:8)
3 creatures vanquished.

Grand Total: 381 creatures vanquished

Notes
Turn   | Place    | Note
-------+----------+-------------------------------------------
     0 | D:1      | xccam the Felid Monk began the quest for the Orb.
     0 | D:1      | Reached XP level 1. HP: 10/10 MP: 2/2
   107 | D:1      | Reached skill level 3 in Stealth
   181 | D:1      | Reached XP level 2. HP: 14/14 MP: 3/3
   463 | D:1      | Reached skill level 4 in Stealth
   520 | D:1      | Reached XP level 3. HP: 8/17 MP: 4/4
  1569 | D:2      | Noticed Jessica
  1583 | D:2      | Killed Jessica
  1583 | D:2      | Reached skill level 5 in Stealth
  1583 | D:2      | Reached XP level 4. HP: 20/21 MP: 5/5
  1685 | D:2      | Found a basalt altar of Yredelemnul.
  1918 | D:2      | Reached skill level 6 in Stealth
  1921 | D:2      | Slain by a gnoll
  1922 | D:2      | Reached XP level 3. HP: -2/17 MP: 4/4
  1970 | D:2      | Reached XP level 4. HP: 21/21 MP: 5/5
  2308 | D:2      | Found a glowing golden altar of the Shining One.
  2401 | D:3      | Found a stormy altar of Qazlal.
  2418 | D:3      | Noticed Sigmund
  3068 | D:4      | Noticed a phantom
  3165 | D:3      | Killed Sigmund
  3165 | D:3      | Reached skill level 7 in Stealth
  3165 | D:3      | Reached XP level 5. HP: 24/24 MP: 6/6
  3165 | D:3      | Gained mutation: You are covered in thick fur. (AC +2) [Felid growth]
  3165 | D:3      | Reached XP level 6. HP: 28/28 MP: 7/7
  3214 | D:3      | Found a white marble altar of Elyvilon.
  3215 | D:3      | Found a bloodstained altar of Trog.
  3293 | D:3      | Reached skill level 5 in Unarmed Combat
  3536 | D:4      | Reached skill level 8 in Stealth
  3593 | D:4      | Noticed inc's ghost (amateur OpIE)
  3635 | D:4      | Killed inc's ghost
  3646 | D:4      | Found a runed door.
  3695 | D:4      | Found an opulent altar of Gozag.
  3802 | D:4      | Noticed Ijyb
  3820 | D:4      | Killed Ijyb
  4211 | D:4      | Noticed Crazy Yiuf
  4215 | D:4      | Killed Crazy Yiuf
  4215 | D:4      | Reached XP level 7. HP: 31/31 MP: 8/8
  4255 | D:5      | Entered Level 5 of the Dungeon
  4310 | D:5      | Reached skill level 9 in Stealth
  4905 | D:5      | Noticed a yak
  4905 | D:5      | Noticed a yak
  4905 | D:5      | Noticed a yak
  4906 | D:5      | Noticed a yak
  4935 | D:5      | Noticed a yak
  4935 | D:5      | Noticed a yak
  4942 | D:5      | Gained mutation: You are resistant to hostile enchantments. (MR+) [potion of mutation]
  4942 | D:5      | Gained mutation: You can translocate small distances at will. [potion of mutation]
  4942 | D:5      | Gained mutation: You are somewhat resistant to further mutation. [potion of mutation]
  5181 | D:5      | Killed a yak
  5181 | D:5      | Reached skill level 10 in Stealth
  5429 | D:5      | Reached XP level 8. HP: 29/34 MP: 9/9
  5818 | D:6      | Noticed Blork the orc
  5820 | D:6      | Killed Blork the orc
  5820 | D:6      | Reached skill level 11 in Stealth
  5873 | D:6      | Found a staircase to the Ecumenical Temple.
  5886 | Temple   | Entered the Ecumenical Temple
  6369 | D:7      | Reached skill level 5 in Dodging
  6390 | D:7      | Reached XP level 9. HP: 37/37 MP: 10/10
  6832 | D:7      | Reached skill level 12 in Stealth
  7958 | D:8      | Found a snail-covered altar of Cheibriados.
  8008 | D:8      | Found a hazy altar of Hepliaklqana.
  8173 | D:8      | Reached XP level 10. HP: 32/42 MP: 11/11
  8175 | D:8      | Reached skill level 13 in Stealth
  8367 | D:8      | Found a sacrificial altar of Ru.
  8370 | D:8      | Became a worshipper of Ru the Awakened
  8378 | D:8      | Gained mutation: You cannot study or cast Earth magic. [Ru sacrifice]
  8378 | D:8      | Gained mutation: You cannot study or cast Transmutations magic. [Ru sacrifice]
  8378 | D:8      | Gained mutation: You cannot study or cast Summoning magic. [Ru sacrifice]
  8378 | D:8      | Reached * piety under Ru
  8434 | D:8      | Found a staircase to the Lair.
  8449 | D:8      | Reached skill level 10 in Dodging
  8619 | D:9      | Killed from afar by an electric eel
  8620 | D:9      | Reached XP level 9. HP: -2/37 MP: 10/10
  8632 | D:9      | Found a hide-covered altar of Uskayaw.
  9023 | D:9      | Reached skill level 10 in Unarmed Combat
  9285 | D:9      | Found an ancient bone altar of Kikubaaqudgha.
  9288 | D:9      | Noticed a troll
  9313 | D:9      | Killed a troll
  9591 | D:9      | Reached XP level 10. HP: 27/42 MP: 11/11
  9784 | D:9      | Found Mofol Yptudgh's Antique Weapon Emporium.
  9863 | D:9      | Found a radiant altar of Vehumet.
  9863 | D:9      | Found a burning altar of Makhleb.
  9994 | D:10     | Entered Level 10 of the Dungeon
 10209 | D:10     | Noticed Psyche
 10225 | D:10     | Killed Psyche
 10225 | D:10     | Reached skill level 14 in Stealth
 10315 | D:10     | Found Plog's Food Emporium.
 10914 | D:11     | Lost mutation: You are resistant to hostile enchantments. (MR+) [Ru sacrifice]
 10914 | D:11     | Gained mutation: You are slightly vulnerable to magic. (MR-) [Ru sacrifice]
 10914 | D:11     | Reached ** piety under Ru
 10914 | D:11     | Reached *** piety under Ru
 11675 | D:11     | Found a staircase to the Orcish Mines.
 11994 | D:12     | Noticed a cyan ugly thing
 12001 | D:12     | Killed a cyan ugly thing
 12001 | D:12     | Reached XP level 11. HP: 40/46 MP: 12/12
 12085 | D:12     | You fall through a shaft!
 12085 | D:13     | Noticed a cyan ugly thing
 12085 | D:13     | Noticed a white ugly thing
 12085 | D:13     | Noticed a red ugly thing
 12085 | D:13     | Noticed a green ugly thing
 12086 | D:13     | Killed a cyan ugly thing
 12092 | D:13     | Killed a white ugly thing
 12096 | D:13     | Noticed a white ugly thing
 12097 | D:13     | Noticed a brown ugly thing
 12388 | D:12     | Noticed Erolcha
 12394 | D:12     | Killed Erolcha
 12441 | D:12     | Noticed a skeletal warrior
 12441 | D:12     | Noticed a skeletal warrior
 12441 | D:12     | Noticed a skeletal warrior
 12444 | D:12     | Noticed a skeletal warrior
 12445 | D:12     | Killed a skeletal warrior
 12446 | D:12     | Noticed a skeletal warrior
 12681 | D:11     | Reached skill level 5 in Fighting
 12796 | Lair:1   | Entered Level 1 of the Lair of Beasts
 12838 | Lair:1   | Reached skill level 15 in Stealth
 12974 | Lair:1   | Gained mutation: You are weak. (Str -2) [Ru sacrifice]
 12974 | Lair:1   | Reached **** piety under Ru
 13745 | Lair:1   | Gained mutation: Your thick and shaggy fur keeps you warm. (AC +3, rC+) [Felid growth]
 13745 | Lair:1   | Reached XP level 12. HP: 55/55 MP: 13/13
 14031 | Lair:2   | Noticed a seven-headed hydra
 14035 | Lair:2   | Found a labyrinth entrance.
 14038 | Lair:2   | Killed a seven-headed hydra
 14050 | Lab      | Entered a labyrinth
 14353 | Lab      | Noticed a minotaur
 14690 | Lab      | Hit by a stone thrown by a minotaur
 14691 | Lab      | Reached XP level 11. HP: 0/52 MP: 12/12
 15193 | Lab      | Killed a minotaur
 15193 | Lab      | Reached skill level 16 in Stealth
 15195 | Lab      | Got a scorched copper ring
 15198 | Lab      | Identified the ring of Moral Flaws {rElec MP+9} (You took it off a minotaur in a labyrinth)
 15461 | Lair:2   | Gained mutation: You cannot study or use magical devices. [Ru sacrifice]
 15461 | Lair:2   | Reached ***** piety under Ru
 16180 | Lair:3   | Noticed a six-headed hydra
 16193 | Lair:3   | Slain by a six-headed hydra

Skill      XL: |  1  2  3  4  5  6  7  8  9 10 11 12 |
---------------+-------------------------------------+-----
Stealth        | 3 4 5 7 8 10 11 12 14 16 | 16.4
Unarmed Combat | 4 5 7 8 10 11 | 11.6
Dodging        | 5 11 12 | 12.8
Fighting       | 4 9 8 |  9.6

Action                   |  1- 3 |  4- 6 |  7- 9 | 10-12 || total
-------------------------+-------+-------+-------+-------++-------
Melee: Unarmed           |    87 |   140 |   394 |   512 ||  1133
       Bite              |     3 |    14 |    50 |    77 ||   144
       Punch             |     1 |     3 |    15 |    21 ||    40
Invok: Draw Out Power    |       |       |       |     2 ||     2
       Sacrifice Essence |       |       |       |     1 ||     1
       Sacrifice Arcana  |       |       |       |     1 ||     1
       Power Leap        |       |       |       |     1 ||     1
       Sacrifice Purity  |       |       |       |     1 ||     1
       Sacrifice Artific |       |       |       |     1 ||     1
 Abil: Blink             |       |       |     1 |       ||     1
Evoke: Wand              |       |       |    21 |    18 ||    39
  Use: Potion            |       |     6 |     4 |     6 ||    16
       Scroll            |       |       |    15 |     2 ||    17
 Stab: Sleeping          |    14 |    14 |    19 |    29 ||    76
       Distracted        |       |     2 |     4 |     8 ||    14
       Invisible         |       |       |       |     1 ||     1
       Petrifying        |       |       |       |     1 ||     1
       Paralysed         |       |       |       |     1 ||     1
  Eat: Chunk             |     5 |    12 |    19 |    23 ||    59
Armor: Skin              |     2 |       |    33 |    42 ||    77
Dodge: Dodged            |    54 |    93 |   297 |   462 ||   906
